| TOP OF THE 1ST |
|
University of North Carolina at Chapel Hill Tar Heels batting - Pitching for University of Arizona Wildcats : LHP Stan Stirnweiss
|
|
Pitching: LHP Stan Stirnweiss
|
|
|
Batting: SHB Don Hauk
|
0-0: Ball 1-0: Foul Ball, location: 2F 1-1: Ball 2-1: Ball 3-1: Called Strike 3-2: Base on Balls
|
|
Batting: LHB Joe Wise
|
0-0: Ball 1-0: SINGLE (Groundball, 25, EV 68.8 MPH) (infield hit) Don Hauk to second
|
|
Batting: RHB Mike Alm
|
0-0: Ball 1-0: Swinging Strike 1-1: Swinging Strike 1-2: Ball 2-2: Ball 3-2: Strikes out swinging
|
|
Batting: LHB Aaron Joyner
|
0-0: Swinging Strike 0-1: Ball 1-1: Swinging Strike 1-2: Strikes out swinging
|
|
Batting: RHB J.D. Vander Klok
|
0-0: Ball 1-0: Ball 2-0: Fielders Choice at 2nd, 5-4 (Groundball, 56, EV 83.8 MPH)
|
| Top of the 1st over - 0 runs, 1 hit, 0 errors, 2 left on base; University of North Carolina at Chapel Hill 0 - University of Arizona 0 |
| BOTTOM OF THE 1ST |
|
University of Arizona Wildcats batting - Pitching for University of North Carolina at Chapel Hill Tar Heels : RHP Tom Howes
|
|
Pitching: RHP Tom Howes
|
|
|
Batting: LHB Cody Humphries
|
0-0: Ball 1-0: Called Strike 1-1: Ball 2-1: Foul Ball, location: 2F 2-2: Foul Ball, location: 2F 2-2: SINGLE (Groundball, 25, EV 69.4 MPH) (infield hit)
|
|
Batting: RHB Steve Terrell
|
0-0: Called Strike 0-1: Ball 1-1: Ball 2-1: SINGLE (Groundball, 6MD, EV 106.3 MPH) Cody Humphries to second
|
|
Batting: SHB Jason Evans
|
0-0: Foul Ball, location: 2F 0-1: Ball 1-1: Ball 2-1: Swinging Strike 2-2: Foul Ball, location: 2F 2-2: Fly out, F8 (Flyball, 8RS, EV 88.1 MPH)
|
|
Batting: RHB Matthew Neal
|
0-0: Called Strike 0-1: Ball 1-1: Ball 2-1: Called Strike 2-2: Ball 3-2: Base on Balls Cody Humphries to third Steve Terrell to second
|
|
Batting: RHB Travis Campbell
|
0-0: Fly out, F8 (Line Drive, 8RD, EV 98.1 MPH) Runner from 3rd tags up, SCORES, no throw by CF
|
|
Batting: SHB Craig Ruzic
|
0-0: Swinging Strike 0-1: SINGLE (Line Drive, 7S, EV 106.9 MPH) Steve Terrell to third Matthew Neal to second
|
|
Batting: RHB Chris Alft
|
0-0: Swinging Strike 0-1: Ball 1-1: Ball 2-1: Foul Ball, location: 2F 2-2: Ball 3-2: Base on Balls Steve Terrell scores Matthew Neal to third Craig Ruzic to second
|
|
Batting: RHB Miguel Villanueva
|
0-0: Ball 1-0: Ball 2-0: Ball 3-0: Base on Balls Matthew Neal scores Craig Ruzic to third Chris Alft to second
|
|
Batting: LHB William Gonzales
|
0-0: Ball 1-0: Ball 2-0: Fly out, F8 (Flyball, 89D, EV 98.1 MPH)
|
| Bottom of the 1st over - 3 runs, 3 hits, 0 errors, 3 left on base; University of North Carolina at Chapel Hill 0 - University of Arizona 3 |
| TOP OF THE 2ND |
|
University of North Carolina at Chapel Hill Tar Heels batting - Pitching for University of Arizona Wildcats : LHP Stan Stirnweiss
|
|
Batting: RHB James Huddleston
|
0-0: Ball 1-0: Ball 2-0: Called Strike 2-1: SOLO HOME RUN (Flyball, 7D, EV 112.5 MPH), Distance : 433 ft
|
|
Batting: LHB Jason Raker
|
0-0: Ball 1-0: Ball 2-0: Called Strike 2-1: Foul Ball, location: 2F 2-2: Ball 3-2: Foul Ball, location: 2F 3-2: Fly out, F8 (Flyball, 8RD, EV 100.0 MPH)
|
|
Batting: RHB Mike Swift
|
0-0: Called Strike 0-1: Swinging Strike 0-2: Foul Ball, location: 2F 0-2: Ball 1-2: Strikes out looking
|
|
Batting: RHB Maurice Moore
|
0-0: Called Strike 0-1: Foul Ball, location: 2F 0-2: Ball 1-2: Strikes out swinging
|
| Top of the 2nd over - 1 run, 1 hit, 0 errors, 0 left on base; University of North Carolina at Chapel Hill 1 - University of Arizona 3 |
| BOTTOM OF THE 2ND |
|
University of Arizona Wildcats batting - Pitching for University of North Carolina at Chapel Hill Tar Heels : RHP Tom Howes
|
|
Batting: LHB Cody Humphries
|
0-0: Fly out, F9 (Flyball, 89XD, EV 108.8 MPH)
|
|
Batting: RHB Steve Terrell
|
0-0: Ball 1-0: Fly out, F9 (Flyball, 9, EV 85.6 MPH)
|
|
Batting: SHB Jason Evans
|
0-0: Foul Ball, location: 2F 0-1: Foul Ball, location: 2F 0-2: Strikes out swinging
|
| Bottom of the 2nd over - 0 runs, 0 hits, 0 errors, 0 left on base; University of North Carolina at Chapel Hill 1 - University of Arizona 3 |
| TOP OF THE 3RD |
|
University of North Carolina at Chapel Hill Tar Heels batting - Pitching for University of Arizona Wildcats : LHP Stan Stirnweiss
|
|
Batting: SHB Don Hauk
|
0-0: Foul Ball, location: 2F 0-1: Foul Ball, location: 2F 0-2: Strikes out looking
|
|
Batting: LHB Joe Wise
|
0-0: Ball 1-0: Ball 2-0: Foul Ball, location: 2F 2-1: Called Strike 2-2: Ball 3-2: Base on Balls
|
|
Batting: RHB Mike Alm
|
0-0: Ball 1-0: Swinging Strike 1-1: Foul Ball, location: 2F 1-2: Ball 2-2: Foul Ball, location: 2F 2-2: Fly out, F4 (Line Drive, 4, EV 66.3 MPH)
|
|
Batting: LHB Aaron Joyner
|
0-0: Ball 1-0: SINGLE (Flyball, 4D, EV 85.6 MPH) Joe Wise to second Runner from 2nd tries for 3rd, OUT! 8-5
|
| Top of the 3rd over - 0 runs, 1 hit, 0 errors, 1 left on base; University of North Carolina at Chapel Hill 1 - University of Arizona 3 |
| BOTTOM OF THE 3RD |
|
University of Arizona Wildcats batting - Pitching for University of North Carolina at Chapel Hill Tar Heels : RHP Tom Howes
|
|
Batting: RHB Matthew Neal
|
0-0: Ball 1-0: Swinging Strike 1-1: Foul Ball, location: 2F 1-2: Strikes out swinging
|
|
Batting: RHB Travis Campbell
|
0-0: Foul Ball, location: 2F 0-1: Ball 1-1: Swinging Strike 1-2: Strikes out swinging, 2-3 out at first.
|
|
Batting: SHB Craig Ruzic
|
0-0: Ball 1-0: Swinging Strike 1-1: Ball 2-1: Ball 3-1: Foul Ball, location: 2F 3-2: Base on Balls
|
|
Batting: RHB Chris Alft
|
0-0: Ball 1-0: Swinging Strike 1-1: Ball Craig Ruzic is caught stealing 2nd base 2-4
|
| Bottom of the 3rd over - 0 runs, 0 hits, 0 errors, 0 left on base; University of North Carolina at Chapel Hill 1 - University of Arizona 3 |
| TOP OF THE 4TH |
|
University of North Carolina at Chapel Hill Tar Heels batting - Pitching for University of Arizona Wildcats : LHP Stan Stirnweiss
|
|
Batting: RHB J.D. Vander Klok
|
0-0: Ball 1-0: Ground out U3 (Groundball, 34, EV 87.5 MPH)
|
|
Batting: RHB James Huddleston
|
0-0: Ball 1-0: Ball 2-0: Ball 3-0: Base on Balls
|
|
Batting: LHB Jason Raker
|
0-0: DOUBLE (Line Drive, 7LD, EV 105.0 MPH) James Huddleston to third
|
|
Batting: RHB Mike Swift
|
0-0: Called Strike 0-1: Fly out, F9 (Flyball, 9D, EV 93.8 MPH) Runner from 3rd tags up, OUT at HOME! 9-2
|
| Top of the 4th over - 0 runs, 1 hit, 0 errors, 1 left on base; University of North Carolina at Chapel Hill 1 - University of Arizona 3 |
| BOTTOM OF THE 4TH |
|
University of Arizona Wildcats batting - Pitching for University of North Carolina at Chapel Hill Tar Heels : RHP Tom Howes
|
|
Batting: RHB Chris Alft
|
0-0: Foul Ball, location: 2F 0-1: Ball 1-1: Swinging Strike 1-2: Foul Ball, location: 2F 1-2: Fly out, F8 (Flyball, 8LS, EV 91.9 MPH)
|
|
Batting: RHB Miguel Villanueva
|
0-0: Ball 1-0: Called Strike 1-1: Foul Ball, location: 2F 1-2: Foul Ball, location: 2F 1-2: Foul Ball, location: 2F 1-2: Ball 2-2: Strikes out looking
|
|
Batting: LHB William Gonzales
|
0-0: Fly out, F8 (Line Drive, 8RD, EV 103.1 MPH)
|
| Bottom of the 4th over - 0 runs, 0 hits, 0 errors, 0 left on base; University of North Carolina at Chapel Hill 1 - University of Arizona 3 |
| TOP OF THE 5TH |
|
University of North Carolina at Chapel Hill Tar Heels batting - Pitching for University of Arizona Wildcats : LHP Stan Stirnweiss
|
|
Pitching: RHP Elijah Patton
|
|
|
Batting: RHB Maurice Moore
|
0-0: Ball 1-0: Ball 2-0: Ball 3-0: Called Strike 3-1: Fly out, F9 (Flyball, 89M, EV 85.0 MPH)
|
|
Batting: SHB Don Hauk
|
0-0: Called Strike 0-1: Ball 1-1: Called Strike 1-2: Foul Ball, location: 2F 1-2: Ball 2-2: Fly out, F6 (Flyball, 6MD, EV 94.4 MPH)
|
|
Batting: LHB Joe Wise
|
0-0: Ball 1-0: Ball 2-0: Ball 3-0: Called Strike 3-1: Called Strike 3-2: Strikes out looking
|
| Top of the 5th over - 0 runs, 0 hits, 0 errors, 0 left on base; University of North Carolina at Chapel Hill 1 - University of Arizona 3 |
| BOTTOM OF THE 5TH |
|
University of Arizona Wildcats batting - Pitching for University of North Carolina at Chapel Hill Tar Heels : RHP Tom Howes
|
|
Pitching: RHP Matt Norris
|
|
|
Batting: LHB Cody Humphries
|
0-0: Foul Ball, location: 2F 0-1: Foul Ball, location: 2F 0-2: Strikes out swinging
|
|
Batting: RHB Steve Terrell
|
0-0: Foul Ball, location: 2F 0-1: Ball 1-1: Called Strike 1-2: Ball 2-2: Ball 3-2: SINGLE (Line Drive, 56D, EV 94.4 MPH)
|
|
Pitching: LHP Mario Amore
|
|
|
Batting: SHB Jason Evans
|
0-0: Called Strike 0-1: Ball 1-1: SINGLE (Groundball, 56D, EV 100.6 MPH) Steve Terrell to second
|
|
Batting: RHB Matthew Neal
|
0-0: Fly out, F9 (Flyball, 9S, EV 91.9 MPH)
|
|
Batting: RHB Travis Campbell
|
0-0: Foul Ball, location: 2F 0-1: Ball 1-1: Ball 2-1: Ball 3-1: Foul Ball, location: 2F 3-2: Base on Balls Steve Terrell to third Jason Evans to second
|
|
Batting: SHB Craig Ruzic
|
0-0: Swinging Strike 0-1: Ball 1-1: Called Strike 1-2: Strikes out swinging
|
| Bottom of the 5th over - 0 runs, 2 hits, 0 errors, 3 left on base; University of North Carolina at Chapel Hill 1 - University of Arizona 3 |
| TOP OF THE 6TH |
|
University of North Carolina at Chapel Hill Tar Heels batting - Pitching for University of Arizona Wildcats : RHP Elijah Patton
|
|
Batting: RHB Mike Alm
|
0-0: Ball 1-0: Called Strike 1-1: Foul Ball, location: 2F 1-2: Foul Ball, location: 2F 1-2: Ground out 5-3 (Groundball, 56, EV 84.4 MPH)
|
|
Batting: LHB Aaron Joyner
|
0-0: Fly out, F8 (Line Drive, 8RD, EV 91.9 MPH)
|
|
Batting: RHB J.D. Vander Klok
|
0-0: Ball 1-0: Ground out 5-3 (Groundball, 56, EV 85.6 MPH)
|
| Top of the 6th over - 0 runs, 0 hits, 0 errors, 0 left on base; University of North Carolina at Chapel Hill 1 - University of Arizona 3 |
| BOTTOM OF THE 6TH |
|
University of Arizona Wildcats batting - Pitching for University of North Carolina at Chapel Hill Tar Heels : LHP Mario Amore
|
|
Batting: RHB Chris Alft
|
0-0: Called Strike 0-1: Called Strike 0-2: Ball 1-2: Foul Ball, location: 2F 1-2: Strikes out swinging
|
|
Batting: RHB Miguel Villanueva
|
0-0: Swinging Strike 0-1: Called Strike 0-2: Ball 1-2: Strikes out looking
|
|
Batting: LHB William Gonzales
|
0-0: Ball 1-0: Foul Ball, location: 2F 1-1: Ball 2-1: Swinging Strike 2-2: Strikes out swinging
|
| Bottom of the 6th over - 0 runs, 0 hits, 0 errors, 0 left on base; University of North Carolina at Chapel Hill 1 - University of Arizona 3 |
| TOP OF THE 7TH |
|
University of North Carolina at Chapel Hill Tar Heels batting - Pitching for University of Arizona Wildcats : RHP Elijah Patton
|
|
Batting: RHB James Huddleston
|
0-0: Ground out 4-3 (Groundball, 4, EV 103.8 MPH)
|
|
Batting: LHB Jason Raker
|
0-0: Ball 1-0: Ball 2-0: Foul Ball, location: 2F 2-1: Foul Ball, location: 2F 2-2: Ball 3-2: Base on Balls
|
|
Batting: RHB Mike Swift
|
0-0: Fly out, F7 (Flyball, 7, EV 86.9 MPH)
|
|
Pinch Hitting: SHB Jamie Mims
|
0-0: Foul Ball, location: 2F 0-1: Ball 1-1: Fly out, F9 (Line Drive, 9, EV 92.5 MPH)
|
| Top of the 7th over - 0 runs, 0 hits, 0 errors, 1 left on base; University of North Carolina at Chapel Hill 1 - University of Arizona 3 |
| BOTTOM OF THE 7TH |
|
University of Arizona Wildcats batting - Pitching for University of North Carolina at Chapel Hill Tar Heels : LHP Mario Amore
|
|
Pitching: RHP Gary Ackerman
|
|
|
Now at 2B: J.D. Vander Klok
|
|
|
Now at SS: Jamie Mims
|
|
|
Pinch Hitting: RHB Justin Curran
|
0-0: Ball 1-0: Ground out 6-3 (Groundball, 6MS, EV 90.0 MPH)
|
|
Pinch Hitting: LHB Bruce Arvizu
|
0-0: Called Strike 0-1: Ball 1-1: Called Strike 1-2: Ball 2-2: Strikes out swinging
|
|
Pinch Hitting: RHB Andy Bachman
|
0-0: Ground out 4-3 (Groundball, 4, EV 90.0 MPH)
|
| Bottom of the 7th over - 0 runs, 0 hits, 0 errors, 0 left on base; University of North Carolina at Chapel Hill 1 - University of Arizona 3 |
| TOP OF THE 8TH |
|
University of North Carolina at Chapel Hill Tar Heels batting - Pitching for University of Arizona Wildcats : RHP Elijah Patton
|
|
Pitching: RHP Dave Waterman
|
|
|
Now at 2B: Andy Bachman
|
|
|
Now in LF: Bruce Arvizu
|
|
|
Now in RF: Justin Curran
|
|
|
Pinch Hitting: RHB Fekadu Alhaadi
|
0-0: Ball 1-0: Ball 2-0: Foul Ball, location: 2F 2-1: SINGLE (Groundball, 6S, EV 73.8 MPH) (infield hit)
|
|
Batting: LHB Dan Bremseth
|
0-0: Called Strike 0-1: Called Strike 0-2: Strikes out swinging
|
|
Pinch Hitting: RHB Nick Latulippe
|
0-0: Ball 1-0: Ball 2-0: Called Strike 2-1: Ball 3-1: Called Strike 3-2: Strikes out swinging
|
|
Batting: LHB Aaron Joyner
|
0-0: Called Strike 0-1: Ball 1-1: Ball 2-1: Ground out U3 (Groundball, 3, EV 108.8 MPH)
|
| Top of the 8th over - 0 runs, 1 hit, 0 errors, 1 left on base; University of North Carolina at Chapel Hill 1 - University of Arizona 3 |
| BOTTOM OF THE 8TH |
|
University of Arizona Wildcats batting - Pitching for University of North Carolina at Chapel Hill Tar Heels : RHP Gary Ackerman
|
|
Now at 3B: Nick Latulippe
|
|
|
Now in LF: Fekadu Alhaadi
|
|
|
Batting: LHB Andres Aldape
|
0-0: Called Strike 0-1: Called Strike 0-2: Strikes out looking
|
|
Batting: RHB Travis Campbell
|
0-0: Fly out, F9 (Flyball, 89M, EV 88.1 MPH)
|
|
Pinch Hitting: RHB Orlando Florez
|
0-0: Fly out, F3 (Line Drive, 3, EV 63.8 MPH)
|
| Bottom of the 8th over - 0 runs, 0 hits, 0 errors, 0 left on base; University of North Carolina at Chapel Hill 1 - University of Arizona 3 |
| TOP OF THE 9TH |
|
University of North Carolina at Chapel Hill Tar Heels batting - Pitching for University of Arizona Wildcats : RHP Dave Waterman
|
|
Pitching: RHP Nherbert Silivan
|
|
|
Now at 1B: Marco de Leon
|
|
|
Now at SS: Orlando Florez
|
|
|
Batting: RHB J.D. Vander Klok
|
0-0: Called Strike 0-1: Swinging Strike 0-2: Fly out, F6 (Popup, 6M, EV 75.6 MPH)
|
|
Pitching: RHP Yann Donizetti
|
|
|
Pinch Hitting: SHB Keith Casner
|
0-0: Swinging Strike 0-1: Ball 1-1: Swinging Strike 1-2: Foul Ball, location: 2F 1-2: Foul Ball, location: 2F 1-2: SOLO HOME RUN (Flyball, 89XD, EV 106.3 MPH), Distance : 433 ft
|
|
Batting: LHB Jason Raker
|
0-0: Called Strike 0-1: Ground out 4-3 (Groundball, 4S, EV 90.0 MPH)
|
|
Pinch Hitting: RHB Vladmiri Nugaibekov
|
0-0: Foul Ball, location: 2F 0-1: Swinging Strike 0-2: Ball 1-2: Strikes out swinging
|
| Top of the 9th over - 1 run, 1 hit, 0 errors, 0 left on base; University of North Carolina at Chapel Hill 2 - University of Arizona 3 |
|